 Dungeon Crawl Stone Soup version 0.31-a0-819-gf6de2f5ab6 (webtiles) character file.

Game seed: 361820619059645423

3800 GloriousHammer the Carver (level 10, -1/64 (71) HPs)
             Began as a Human Necromancer on Sept 22, 2023.
             Was a Believer of Kikubaaqudgha.
             Slain by a large slime creature (26 damage)
             ... on level 8 of the Dungeon on Sept 24, 2023.
             The game lasted 00:39:03 (11017 turns).

GloriousHammer the Carver (Human Necromancer)      Turns: 11017, Time: 00:39:03

HP:   -1/64 (71)    AC:  9    Str:  8    XL:     10   Next: 39%
MP:   16/16         EV: 13    Int: 18    God:    Kikubaaqudgha [**....]
Gold: 336           SH:  4    Dex: 16    Spells: 4/17 levels left

rFire   + . .        J - +1 long sword
rCold   . . .        I - +0 buckler {AC+3}
rNeg    . . .        v - +2 robe {rF+}
rPois   .            q - +0 helmet
rElec   .            (no cloak)
rCorr   .            (no gloves)
SInv    .            z - +0 pair of boots
Will    .....        (no amulet)
Stlth   ++           L - ring of flight
HPRegen 0.30/turn    (no ring)
MPRegen 0.15/turn

%: no passive effects
@: about to teleport, flying, drained
A: no striking features
a: Renounce Religion, Unearth Wretches


You were on level 8 of the Dungeon.
You worshipped Kikubaaqudgha.
Kikubaaqudgha was pleased with you.
You visited 1 branch of the dungeon, and saw 9 of its levels.

You collected 493 gold pieces.
You spent 157 gold pieces at shops.

Inventory:

Hand Weapons
 a - a +0 dagger of venom
 b - a +2 heavy sling
 d - a +0 club
 e - a +0 dagger
 m - a +2 dagger of electrocution
 J - a +1 long sword (weapon)
Missiles
 B - 5 datura-tipped darts
 C - a throwing net
 G - a curare-tipped dart
 M - 2 darts of dispersal
Armour
 q - a +0 helmet (worn)
 v - a +2 robe of fire resistance (worn)
 z - a +0 pair of boots (worn)
 I - a +0 buckler of protection (worn)
Jewellery
 c - an amulet of faith
 L - a ring of flight (left hand)
Wands
 l - a wand of roots (11)
 u - a wand of flame (13)
 D - a wand of polymorph (5)
Scrolls
 f - 4 scrolls of immolation
 j - 2 scrolls of teleportation
 k - a scroll of torment
 n - 2 scrolls of amnesia
 o - 4 scrolls of vulnerability
 s - 2 scrolls of fog
 t - 2 scrolls of noise
 x - 3 scrolls of enchant armour
 H - a scroll of blinking {unknown}
Potions
 g - 3 potions of curing
 h - 4 potions of ambrosia
 i - a potion of magic
 p - 2 potions of resistance {unknown}
 r - 2 potions of haste {unknown}
 w - 2 potions of mutation {unknown}
 A - 3 potions of degeneration {unknown}
 E - 3 potions of lignification
 F - a potion of heal wounds
 K - a potion of attraction {unknown}


   Skills:
 + Level 3.8 Fighting
 + Level 8.2 Long Blades
 + Level 4.4 Dodging
 - Level 2.0 Stealth
 + Level 0.4 Shields
 - Level 4.0 Spellcasting
 - Level 8.0 Necromancy
 - Level 6.0 Ice Magic
 - Level 1.0 Air Magic
 - Level 1.0 Poison Magic


You had 4 spell levels left.
You knew the following spells:

 Your Spells              Type           Power      Damage    Failure   Level
a - Necrotise             Necr           100%       1d9       1%          1
b - Vampiric Draining     Necr           32%        2d8       2%          3
c - Animate Dead          Necr           32%        N/A       9%          4
d - Ozocubu's Armour      Ice            25%        N/A       6%          3
e - Cigotuvi's Dreadful   Necr/Pois/Air  30%        N/A       10%         2

Your spell library contained the following spells:

 Spells                   Type           Power      Damage    Failure   Level
 Poisonous Vapours        Pois/Air       14%        N/A       24%         2
 Mephitic Cloud           Conj/Pois/Air  5%         N/A       50%         3
 Inner Flame              Hex/Fire       3%         N/A       56%         3
 Flame Wave               Conj/Fire      3%         2d5       93%         4
 Leda's Liquefaction      Hex/Erth       1%         N/A       93%         4
 Sticky Flame             Conj/Fire      3%         2d3       93%         4
 Agony                    Necr           32%        N/A       24%         5
 Freezing Cloud           Conj/Ice/Air   6%         6-21      94%         5
 Lee's Rapid Deconstruct  Erth           1%         3d4*      100%        5
 Bombard                  Conj/Erth      1%         9d1       100%        6
 Ozocubu's Refrigeration  Ice            12%        4d10      100%        7


Dungeon Overview and Level Annotations

Branches:
Dungeon (9/15)             Temple (0/1) D:4
   Lair: D:8-11         Orc: D:9-12

Altars:
Elyvilon
Kikubaaqudgha
Ru
Wu Jian
Xom
Zin

Shops:
D:3 ?   D:6 [   D:8 *

Annotations:
D:4 Dowan, Duvessa
D:5 exclusion: downstairs
D:6 1 runed translucent door, pigah's ghost, novice OpSh
D:8 exclusion: 2 downstairs


Message History

You are more poisoned.
There is a stone staircase leading up, spattered with blood here.
Casting: Vampiric Draining (mildly dangerous; 2% risk of failure)
Confirm with . or Enter, or press ? or * to list all spells.
Aiming: Necrotise (safe; 1% risk of failure)
Press: ? - help, Shift-Dir - straight line, f - gnoll sergeant
Aim: a gnoll sergeant, wielding a +1 spear of venom, wearing a +0 ring mail and wearing a +0 buckler (chance to affect: 83%)
The gnoll sergeant writhes in agony.
You feel extremely sick.
The gnoll sergeant hits you from afar with a +1 spear of venom.
You are more poisoned.
You feel extremely sick.
The gnoll sergeant hits you from afar with a +1 spear of venom!
You are more poisoned.
The gnoll throws a throwing net.
You block the throwing net.
You fly upwards.
* * * LOW HITPOINT WARNING * * *
You feel extremely sick.
There is a stone staircase leading down here.
You feel better.
Unknown command.
Unknown command.
Press: ? - help, v - describe, . - travel A stone staircase leading down.
Placed new exclusion.
Reduced exclusion size to a single square.
You start resting.
HP restored.
You start waiting.
Done waiting.
There is an open door here.
There is a stone staircase leading up here.
Things that are here:
a +0 leather armour; a +0 whip
There is a stone staircase leading down here.
You fly downwards.
There is a stone staircase leading up here.
A gargoyle comes into view. It is wielding a +0 mace.
Casting: Necrotise (safe; 1% risk of failure)
Confirm with . or Enter, or press ? or * to list all spells.
A part of your flesh rots into a cloud of miasma!
You feel drained.
There is a stone staircase leading up here.
You fly upwards.
Level annotation: exclusion: downstairs
There is a stone staircase leading down here.
Press: ? - help, v - describe, . - travel A stone staircase leading down.
Placed new exclusion.
Reduced exclusion size to a single square.
Saving game... please wait.
Level annotation: exclusion: 2 downstairs Welcome back, GloriousHammer the Human Necromancer.
Kikubaaqudgha says: Spread unending torment and darkness!
Press ? for a list of commands and other information.
What level of the Dungeon? (default 1, ? - help)
Things that are here:
a +0 leather armour; a +0 whip
There is a stone staircase leading up here.
You fly upwards.
There is a stone staircase leading down here.
You see here a +0 halberd.
There is a stone staircase leading up here.
You fly upwards.
Level annotation: 1 runed translucent door, pigah's ghost, novice OpSh
There is a stone staircase leading down here.
The adder hisses angrily.
There is a stone staircase leading down here.
You fly downwards.
There is a stone staircase leading up here.
Things that are here:
a +0 leather armour; a +0 mace You see here a +0 sling.
There is a stone staircase leading down here.
You fly downwards.
Level annotation: exclusion: 2 downstairs
There is a stone staircase leading up here.
There is a stone staircase leading down here.
You fly downwards.
The gnoll shouts!
The slime creature quivers. x2
You hear a shout!
The slime creature quivers.
The slime creature hits you! x2
Found a robe.
Found a stone staircase leading down.
There is a stone staircase leading up, spattered with blood here.
The slime creature closely misses you. The slime creature misses you.
The slime creature hits you!
You fly upwards.
Level annotation: exclusion: 2 downstairs
There is a stone staircase leading down here.
You slash the slime creature!
The slime creature is lightly wounded.
The slime creature hits you!
Two slime creatures merge to form a large slime creature. x2
Unknown command.
As you read the scroll of teleportation, it crumbles to dust.
You feel strangely unstable. The large slime creature hits you!!
You die...
Kikubaaqudgha rasps: "You have failed me!
Welcome... death!"

######### #.......#
####.......###
...........+.#
...........#.#
...........#.#####
...........'...J@#
...........#####J#
...........# #.#
....##'##### #.#
....##.# #.# ######.#
#.# #.# #.####
######.#########.##.#
#................##.#


You could see 2 large slime creatures.

Vanquished Creatures
  A tengu conjurer (D:8)
  Prince Ribbit (D:7)
  3 yaks (D:8)
  A wyvern (D:8)
  A wraith (D:9)
  A steam dragon (D:7)
  3 black bears
  3 sky beasts
  A phantom (D:7)
  A kobold brigand (D:7)
  Blork the orc (D:4)
  3 scorpions
  4 bullfrogs
  A gnoll sergeant (D:6)
  2 orc priests
  2 hounds (D:7)
  2 gnoll boudas
  2 iguanas
  Ijyb (D:4)
  5 orc wizards
  2 sleepcaps (D:6)
  Terence (D:3)
  Robin (D:3)
  5 adders
  15 gnolls
  2 shadow imps
  2 white imps
  2 ufetubi
  A worm (D:4)
  4 dart slugs
  24 orcs
  3 ball pythons
  An endoplasm (D:3)
  4 giant cockroaches
  13 goblins
  10 hobgoblins
  3 quokkas
  9 bats
  5 frilled lizards
  6 kobolds
  6 rats
158 creatures vanquished.

Vanquished Creatures (collateral kills)
  A yak (D:8)
  A black bear (D:5)
  2 centaurs
  4 gnolls
  An orc (D:6)
  An endoplasm (D:3)
  A goblin (D:2)
  A bat (D:1)
12 creatures vanquished.

Vanquished Creatures (others)
  2 yak zombies (D:8)
  A bullfrog zombie (D:8)
  A hound zombie (D:7)
  3 gnoll zombies
  A kobold zombie (D:7)
  4 orc zombies
12 creatures vanquished.

Grand Total: 182 creatures vanquished

Notes
Turn   | Place    | Note
-------+----------+-------------------------------------------
     0 | D:1      | GloriousHammer the Human Necromancer began the quest for
                  | the Orb.
     0 | D:1      | Reached XP level 1. HP: 13/13 MP: 3/3
   195 | D:1      | Reached XP level 2. HP: 19/19 MP: 0/5
   469 | D:1      | Reached XP level 3. HP: 23/24 MP: 6/6
   904 | D:2      | Learned a level 3 spell: Vampiric Draining
  1097 | D:2      | Reached skill level 1 in Long Blades
  1210 | D:2      | Found a faded altar of an unknown god.
  1415 | D:2      | Reached XP level 4. HP: 30/30 MP: 5/8
  1458 | D:2      | Learned a level 4 spell: Animate Dead
  1471 | D:3      | Found Cunumim's Magic Scroll Shoppe.
  1481 | D:3      | Bought a scroll of teleportation for 33 gold pieces
  1764 | D:3      | Found a shimmering altar of Xom.
  1787 | D:3      | Identified the +1 helmet "Fippiuff" {-Tele Str+4 Int-2
                  | SInv}
  1787 | D:3      | Noticed Robin
  1803 | D:3      | Killed Robin
  1804 | D:3      | Reached XP level 5. HP: 10/35 MP: 2/9
  1997 | D:3      | Reached skill level 5 in Necromancy
  2102 | D:3      | Noticed Terence
  2113 | D:3      | Killed Terence
  2210 | D:3      | Reached XP level 6. HP: 33/41 MP: 5/11
  2569 | D:3      | Bought a scroll of fear for 44 gold pieces
  2736 | D:4      | Found an ancient bone altar of Kikubaaqudgha.
  2742 | D:4      | Became a worshipper of Kikubaaqudgha
  2780 | D:4      | Noticed Ijyb
  2790 | D:4      | Killed Ijyb
  2843 | D:4      | Noticed Dowan
  2933 | D:4      | Found a staircase to the Ecumenical Temple.
  3056 | D:4      | Noticed Blork the orc
  3074 | D:4      | Killed Blork the orc
  3075 | D:4      | Reached XP level 7. HP: 31/46 MP: 8/13
  3091 | D:4      | Learned a level 3 spell: Ozocubu's Armour
  3417 | D:4      | Noticed Duvessa
  3475 | D:5      | Entered Level 5 of the Dungeon
  3712 | D:5      | Reached skill level 1 in Ice Magic
  4096 | D:5      | Reached XP level 8. HP: 13/52 MP: 6/14
  4912 | D:6      | Found a runed translucent door.
  4916 | D:6      | Noticed pigah's ghost (novice OpSh)
  4980 | D:6      | Found a glowing silver altar of Zin.
  5026 | D:6      | Reached skill level 5 in Long Blades
  5214 | D:6      | Reached * piety under Kikubaaqudgha
  5214 | D:6      | Received a gift from Kikubaaqudgha
  5770 | D:6      | Reached XP level 9. HP: 24/57 MP: 2/15
  5990 | D:6      | Learned a level 2 spell: Cigotuvi's Dreadful Rot
  6156 | D:6      | Found Soptuas's Antique Armour Shop.
  6601 | D:6      | Reached skill level 1 in Air Magic
  6601 | D:6      | Reached skill level 1 in Poison Magic
  7049 | D:6      | Found an ornate altar of the Wu Jian Council.
  7418 | D:7      | Reached skill level 5 in Ice Magic
  7443 | D:7      | Identified the +5 ring mail "Memeel" {-Tele Rampage rN+
                  | Str+5}
  7626 | D:7      | Noticed Prince Ribbit
  7647 | D:7      | Killed Prince Ribbit
  8448 | D:8      | Found a white marble altar of Elyvilon.
  8524 | D:8      | Reached skill level 1 in Fighting
  8950 | D:8      | Reached XP level 10. HP: 42/67 MP: 6/16
  9351 | D:8      | Found Xecla's General Store.
  9359 | D:8      | Bought a scroll of identify for 32 gold pieces
  9359 | D:8      | Bought a potion of lignification for 48 gold pieces
  9595 | D:8      | Found the sphere of Battle
  9626 | D:8      | Reached ** piety under Kikubaaqudgha
  9841 | D:8      | Found a sacrificial altar of Ru.
  9964 | D:8      | Upgraded the game from 0.31-a0-818-ge7c7cf74f0 to
                  | 0.31-a0-819-gf6de2f5ab6
 10197 | D:8      | HP: 3/71 [poisoned by a gnoll sergeant]
 10884 | D:9      | Noticed a gargoyle
 11017 | D:8      | Slain by a large slime creature

Illustrated notes

Levels and vault maps discovered:
D:1:      minmay_arrival_loop, layout_loops_ring
D:2:      layout_basic, hellmonk_ecumenical_altar_lost_god
D:3:      layout_loops_cross, mainiacjoe_overflow_six_doors_small, serial_shops,
          shop, uniq_robin, uniq_terence
D:4:      layout_basic, kiku_gazebo_garden_becter,
          minmay_temple_entry_glassed_door, minivault_19, kennysheep_donut,
          uniq_duvessa, uniq_blork_the_orc, uniq_ijyb
D:5:      layout_basic
D:6:      minmay_angry_zag, layout_basic, mainiacjoe_overflow_brackets,
          mainiacjoe_overflow_alcove_4, serial_shops, shop,
          ebering_ghost_sewer_d
D:7:      layout_loops_cross, uniq_prince_ribbit1
D:8:      layout_basic, elyvilon_altar_5, mainiacjoe_overflow_surrounded_room,
          serial_shops, shop_fountains, hellmonk_guarded_unrand_sphere_of_battle
D:9:      layout_loops_ring

Skill      XL: |  1  2  3  4  5  6  7  8  9 10 |
---------------+-------------------------------+-----
Long Blades    | 1 2 3 4 5 7 8 |  8.2
Spellcasting   | 3 4 |  4.0
Necromancy     | 5 6 7 8 |  8.0
Ice Magic      | 2 4 6 |  6.0
Air Magic      | 1 |  1.0
Poison Magic   | 1 |  1.0
Fighting       | 2 3 |  3.8
Dodging        | 3 4 |  4.4
Stealth        | |  2.0
Shields        | |  0.4

Action                     |  1- 3 |  4- 6 |  7- 9 | 10-12 || total
---------------------------+-------+-------+-------+-------++-------
  Melee: Unarmed           |    15 |       |       |       ||    15
         Club              |     9 |       |       |       ||     9
         Punch             |     2 |       |     6 |     1 ||     9
         Dagger            |    35 |    69 |   263 |    15 ||   382
         Long sword        |       |       |       |    43 ||    43
   Fire: Sling             |       |       |     6 |       ||     6
   Cast: Necrotise         |    47 |    76 |   107 |     8 ||   238
         Vampiric Draining |       |     1 |    13 |     8 ||    22
         Animate Dead      |       |       |     9 |     2 ||    11
         Ozocubu's Armour  |       |       |     5 |     1 ||     6
         Cigotuvi's Dreadf |       |       |       |     1 ||     1
  Evoke: Wand              |       |       |     1 |       ||     1
    Use: Scroll            |       |     5 |     7 |     3 ||    15
         Potion            |       |     3 |     1 |     2 ||     6
   Stab: Sleeping          |     2 |       |     1 |       ||     3
         Distracted        |       |       |       |     1 ||     1
 Armour: Leather armour    |    58 |    56 |       |       ||   114
         Robe              |       |       |   245 |    55 ||   300
  Dodge: Dodged            |    62 |    43 |   188 |    42 ||   335
  Block: Buckler           |       |       |       |     6 ||     6

Table legend: (Time is in decaauts)
 A = Elapsed time spent in this place.
 B = Non-inter-level travel time spent in this place.
 C = Inter-level travel time spent in this place.
 D = Time resting spent in this place.
 E = Time spent auto-exploring this place.
 F = Levels seen in this place.
 G = Mean time per level.
                   A        B        C        D        E       F      G
               +--------+--------+--------+--------+--------+-----+--------+
         Total |  10978 |  10519 |    459 |   2856 |   5150 |   9 | 1219.8 |
       Dungeon |  10978 |  10519 |    459 |   2856 |   5150 |   9 | 1219.8 |
               +--------+--------+--------+--------+--------+-----+--------+

Top non-repeatable levels by time:
     D:8: 2176 daAuts
     D:6: 1965 daAuts
     D:5: 1733 daAuts
     D:7: 1317 daAuts
     D:3: 1110 daAuts
     D:4: 1008 daAuts
     D:1: 914 daAuts
     D:2: 552 daAuts
     D:9: 199 daAuts
